Description

Blue Flame Hellbat Push

INnoVation vs Serral

Serral scouts the blue flame last second and still gets killed by the clean timing of INo.

The toughest thing to do is transition OUT of this build. You want to start fully committing to bio as you're pushing out.

Replay - INnoVation v Serral: Game 2 - Eternal Empire LE

Build Order

Get SALT Encoding   

  12  0:00  SCV  
  13  0:12  SCV  
  14  0:17  Supply Depot  
  14  0:24  SCV  
  15  0:38  SCV  
  15  0:40  Barracks  
  16  0:44  Refinery  
  16  0:50  SCV  
  17  1:03  SCV  
  18  1:15  SCV  
  19  1:27  Orbital Command, Reaper  
  20  1:40  Command Center  
  20  1:51  Supply Depot  
  20  1:52  SCV  
  21  1:58  Marine  
  22  2:04  SCV  
  22  2:08  Factory  
  23  2:13  Refinery  
  23  2:16  SCV  
  23  2:21  Barracks Reactor  
  24  2:29  SCV  
  25  2:41  SCV  
  26  2:49  Factory  
  26  2:53  Orbital Command, SCV  
  27  3:01  Hellion x2  
  27  3:05  SCV  
  32  3:08  Starport  
  32  3:13  Barracks Tech Lab  
  32  3:17  SCV x2  
  34  3:25  Hellion x2  
  38  3:29  Supply Depot  
  38  3:32  Factory Tech Lab  
  38  3:35  Marine  
  39  3:45  Viking  
  41  3:49  Hellion x2  
  41  3:51  Infernal Pre-Igniter  
  41  3:54  Hellion  
  47  4:00  Supply Depot  
  47  4:01  Marine  
  48  4:04  SCV  
  49  4:12  Armory  
  49  4:13  Hellion x2  
  53  4:25  Hellion  
  53  4:26  Medivac  
  53  4:27  Supply Depot  
  57  4:31  SCV  
  57  4:37  Hellion x2  
  62  4:49  Hellion  
  62  4:50  Supply Depot  
  64  4:53  SCV x2  
  64  4:56  Medivac  
  68  5:03  Hellion  
  70  5:11  Hellion x2  
  71  5:14  SCV x2  
  69  5:24  Hellion  
  69  5:26  SCV x2  
  70  5:33  Hellion x2  
  70  5:34  Liberator  
  72  5:39  SCV x2  
  74  5:46  Hellion  
  76  5:51  SCV x2  
  76  5:54  Hellion  
  73  6:03  SCV x2  
  69  6:09  Marine, Stimpack  
  69  6:11  Hellion x2  
  68  6:15  Siege Tank, SCV x2  
  71  6:25  Command Center  
  71  6:27  SCV x2  
  71  6:28  Marine  
  71  6:29  Bunker  
  74  6:33  Barracks  
  74  6:37  Starport Reactor  
  74  6:40  SCV x2  
  74  6:41  Barracks  
  74  6:43  Refinery x2  
  74  6:44  Factory Tech Lab  
  76  6:49  Marine, Engineering Bay x2  
  76  6:53  SCV x2  
  77  7:06  SCV  
  78  7:11  Supply Depot  
  78  7:15  Barracks x2  
  78  7:25  Marine x3, Barracks Reactor, SCV  
  76  7:33  Siege Tank, SCV x2  
  82  7:37  Supply Depot  
  82  7:39  Orbital Command  
  82  7:42  Marine  
  82  7:43  Factory Tech Lab  
  84  7:50  Marine x2  
  86  7:51  Medivac x2  
  86  7:58  SCV x2  
  91  8:00  Marine x3, Supply Depot  
  91  8:03  Barracks Reactor x2  
  95  8:08  Marine  
  99  8:17  Bunker  
  99  8:18  Marine x4  
Spawning Tool Build Advisor. Get it on Overwolf

Analysis

If you get the hang of this build, you'll have a really strong timing to use TvZ (if it doesn't get scouted). If it gets scouted early, keep the blue flame, but maybe don't go for a frontal push. You can do double hellbat drops or quad hellion drops (all with blue flame). Just things to keep in mind.

Go to:

Details

  • Created by: Texturace
  • Published on: May 15, 2020
  • Modified on: Jun 15, 2020
  • Patch: 4.11.0
  • Difficulty: Medium
Show
View Real Time Build Order
Export as new Build Order

Comments (0)

There are no comments. Be the first!

Create an account to comment!